 Dungeon Crawl Stone Soup version 0.29.0-4-gdea44cf6ec (webtiles) character file.

Game seed: 16835503151976744313

6 qw the Sneak (level 1, -3/14 HPs)
             Began as a Gargoyle Delver on Sept 10, 2022.
             Slain by a white imp (4 damage)
             ... on level 4 of the Dungeon.
             The game lasted 00:00:12 (212 turns).

qw the Sneak (Gargoyle Delver)                       Turns: 212, Time: 00:00:12

Health: -3/14      AC:  5    Str: 15    XL:     1   Next: 90%
Magic:  1/1        EV: 11    Int: 10    God:
Gold:   12         SH:  0    Dex: 11    Spells: 0/0 levels left

rFire   . . .      SeeInvis .   a - +0 hand axe
rCold   . . .      Faith    .   (no shield)
rNeg    + . .      Spirit   .   b - +0 leather armour
rPois   inf        Reflect  .   (no helmet)
rElec   +          Harm     .   (no cloak)
rCorr   .          Rampage  .   (no gloves)
Will    .....                   (no boots)
Stlth   +++.......              (no amulet)
HPRegen 0.04/turn               (no ring)
MPRegen 0.07/turn               (no ring)

@: no status effects
A: sickness immunity, AC +2, negative energy resistance 1, electricity
resistance, torment resistance 1, petrification resistance
a: no special abilities


You were on level 4 of the Dungeon.
You visited 1 branch of the dungeon, and saw 2 of its levels.

You collected 12 gold pieces.


Innate Abilities, Weirdness & Mutations

You are immune to sickness and miasma.
Your stone body is resilient. (AC +2)
You are immune to poison.
You resist negative energy. (rN+)
You are resistant to electric shocks. (rElec)
You are resistant to unholy torment.
You are immune to petrification.


   Skills:
 - Level 3.2 Fighting
 + Level 2.3 Axes
 - Level 1.5 Dodging
 - Level 5.4 Stealth


You couldn't memorise any spells.
You didn't know any spells.
Your spell library was empty.

Inventory:

Hand Weapons
 a - a +0 hand axe (weapon)
Armour
 b - a +0 leather armour (worn)
Wands
 g - a wand of digging (3)
Scrolls
 c - 2 scrolls of enchant weapon {unknown}
Potions
 f - a potion of haste

Dungeon Overview and Level Annotations

Branches:
Dungeon (5/15)
 Temple: D:4-7

Altars:
The Shining One


Message History

199 ||| Stepping ~*~*~tactically~*~*~ (stealth).
A goblin zombie and a white imp come into view.
Found a glowing golden altar of the Shining One.
202 ||| Stepping ~*~*~tactically~*~*~ (stealth).
203 ||| Stepping ~*~*~tactically~*~*~ (stealth).
You open the door.
The white imp shouts, "Give in, thou defiled mumble-news nert!"
You hear a shout!
A kobold skeleton is nearby!
205 ||| Stepping ~*~*~tactically~*~*~ (stealth).
The white imp gestures at you. The puff of frost hits you.
The white imp hits you but does no damage.
There is an open door here.
You barely miss the white imp. The white imp barely misses you.
You hit the white imp but do no damage. You hit the goblin zombie.
The goblin zombie hits you but does no damage.
The white imp closely misses you.
You hit the goblin zombie.
The goblin zombie is almost destroyed.
You hit the kobold skeleton. You hit the white imp.
The white imp gestures at you. The puff of frost hits you!
Ouch! That really hurt!
The goblin zombie barely misses you. The kobold skeleton closely misses you.
You hit the goblin zombie.
You destroy the goblin zombie!
You closely miss the white imp. You hit the kobold skeleton.
You destroy the kobold skeleton!
The white imp misses you.
A lemure comes into view.
The white imp gestures at you. The puff of frost misses you.
The lemure shouts!
You hit the white imp.
The white imp is severely wounded.
You hear a shout!
The white imp hits you.
You die...

.#########.......#.(......>.
###.##.#######.......
#.......... ..##^####
#######............. #.#
#........###..####.. #.#
#........# ##+##.#.. #.#
#........##.....# #..
#.........#.....#
...........@5._..+
.#####.#..#......#
#.#.........# #....####+##5.
###... # #... #... #..


You could see a lemure and a white imp.

Vanquished Creatures
  A goblin skeleton (D:4)
  A goblin zombie (D:4)
  A kobold (D:4)
  2 kobold skeletons (D:4)
  A kobold zombie (D:4)
  2 orc skeletons (D:4)
  An orc zombie (D:4)
9 creatures vanquished.

Notes
Turn   | Place    | Note
-------+----------+-------------------------------------------
     0 | D:5      | qw the Gargoyle Delver began the quest for the Orb.
     0 | D:5      | Reached XP level 1. HP: 14/14 MP: 1/1
     0 | D:5      | 0 ||| qw: Version: 0.1-a-116-g5d60599
     0 | D:5      | 0 ||| qw: Game counter: 8372
     0 | D:5      | 0 ||| qw: Always use a shield: true
     0 | D:5      | 0 ||| qw: God list: Okawaru
     0 | D:5      | 0 ||| qw: Allow faded altars: false
     0 | D:5      | 0 ||| qw: Do Orc after D:15 true
     0 | D:5      | 0 ||| qw: Do second Lair branch before Depths: true
     0 | D:5      | 0 ||| qw: Lair rune preference: random
     0 | D:5      | 0 ||| qw: Plans: Normal
     0 | D:5      | 0 ||| PLANNING D:1-11
    20 | D:5      | 20 ||| DROPPING scroll of fog.
    21 | D:5      | 21 ||| DROPPING scroll of magic mapping.
    22 | D:5      | 22 ||| DROPPING scroll of fear.
   164 | D:4      | 164 ||| Stepping ~*~*~tactically~*~*~ (stealth).
   170 | D:4      | 170 ||| Stepping ~*~*~tactically~*~*~ (stealth).
   172 | D:4      | 172 ||| Stepping ~*~*~tactically~*~*~ (stealth).
   174 | D:4      | 174 ||| Stepping ~*~*~tactically~*~*~ (stealth).
   176 | D:4      | 176 ||| Stepping ~*~*~tactically~*~*~ (stealth).
   178 | D:4      | 178 ||| Stepping ~*~*~tactically~*~*~ (stealth).
   180 | D:4      | 180 ||| Stepping ~*~*~tactically~*~*~ (stealth).
   193 | D:4      | 193 ||| Stepping ~*~*~tactically~*~*~ (stealth).
   195 | D:4      | 195 ||| Stepping ~*~*~tactically~*~*~ (stealth).
   197 | D:4      | 197 ||| Stepping ~*~*~tactically~*~*~ (stealth).
   199 | D:4      | 199 ||| Stepping ~*~*~tactically~*~*~ (stealth).
   201 | D:4      | Found a glowing golden altar of the Shining One.
   202 | D:4      | 202 ||| Stepping ~*~*~tactically~*~*~ (stealth).
   203 | D:4      | 203 ||| Stepping ~*~*~tactically~*~*~ (stealth).
   205 | D:4      | 205 ||| Stepping ~*~*~tactically~*~*~ (stealth).
   210 | D:4      | HP: 1/14 [white imp/puff of frost (7)]
   211 | D:4      | Noticed a lemure
   212 | D:4      | Slain by a white imp

Levels and vault maps discovered:
D:4:      layout_basic, cheibriados_altar_1, nicolae_tso_besieged_by_evil,
          trog_hazing_becter, minmay_temple_entry_stoned_glass,
          nicolae_stop_n_shop_2, uniq_pikel
D:5:      layout_basic, mainiacjoe_overflow_divided_tiny, serial_undead,
          serial_undead_c, serial_undead_d, serial_undead_c, serial_undead_e,
          serial_undead_b, serial_undead_e, serial_undead_e, uniq_ijyb,
          uniq_duvessa

Skill      XL: |  1 |
---------------+----+-----
Axes           | 2 |  2.3
Fighting       | |  3.2
Dodging        | |  1.5
Stealth        | |  5.4

Action                   || total
-------------------------++-------
Melee: Hand axe          ||    26
       Punch             ||     1
Armor: Leather armour    ||    10
Dodge: Dodged            ||    13

Table legend:
 A = Non-vault XP
 B = Vault XP
 C = Vault XP percentage of total XP
 D = Non-vault monster count
 E = Vault monster count
 F = Vault count percentage of total count
                 A         B        C        D         E       F
            +---------+---------+-------+---------+---------+-------
      Total |       1 |       8 |  88.9 |       1 |       8 |  88.9
            +---------+---------+-------+---------+---------+-------
        D:4 |       1 |       8 |  88.9 |       1 |       8 |  88.9
            +---------+---------+-------+---------+---------+-------
